 Dungeon Crawl Stone Soup version 0.28-a0-643-g84cb2ea78e (webtiles) character file.

Game seed: 5088773198341423250

21 Irenicus the Digger (level 2, 22/33 HPs)
             Began as a Deep Dwarf Earth Elementalist on Oct 10, 2021.
             Quit the game on level 2 of the Dungeon.
             The game lasted 00:05:30 (772 turns).

Irenicus the Digger (Deep Dwarf Earth Elementalist)  Turns: 772, Time: 00:05:31

Health: 22/33      AC: 21    Str: 11    XL:     2   Next: 65%
Magic:  0/3        EV:  2    Int: 15    God:
Gold:   35         SH:  0    Dex: 13    Spells: 1/4 levels left

rFire   . . .      SeeInvis .   a - +0 dagger
rCold   . . .      Faith    .   (no shield)
rNeg    . . .      Spirit   .   (armour currently unavailable)
rPois   +          Reflect  .   (helmet currently unavailable)
rElec   .          Harm     .   (cloak currently unavailable)
rCorr   .          Rampage  .   (gloves currently unavailable)
Will    .....      NoTele   +   (boots currently unavailable)
Stlth   ++........              (no amulet)
HPRegen 0.00/turn               (no ring)
MPRegen 0.08/turn               (no ring)

@: tree-form
A: stationary, stasis, torment immunity, boosted hp, damage resistance, heal
wounds, sense surroundings 1, no regeneration
a: Heal Wounds


You were on level 2 of the Dungeon.
You were a tree.
You visited 1 branch of the dungeon, and saw 2 of its levels.

You collected 35 gold pieces.


Innate Abilities, Weirdness & Mutations

You are a tree.
Your roots penetrate the ground, keeping you stationary.
You cannot be teleported.
You are immune to unholy pain and torment.
Your maximum health is greatly increased.
Your equipment is partially melded.
You are resistant to damage.
You can heal yourself by infusing magical energy.
You passively map a small area around you.
You do not regenerate.


   Skills:
 - Level 2.1 Dodging
 - Level 2.4 Stealth
 - Level 1.7 Spellcasting
 - Level 0.8 Transmutations
 + Level 5.3 Earth Magic


You had one spell level left.
You knew the following spells:

 Your Spells              Type           Power      Damage    Failure   Level
w - Passwall              Tmut/Erth      8%         N/A       10%         2
z - Sandblast             Erth           34%        2d9       2%          1

Your spell library contained the following spells:

 Spells                   Type           Power      Damage    Failure   Level
 Stone Arrow              Conj/Erth      18%        3d8       22%         3
 Petrify                  Tmut/Erth      10%        N/A       54%         4

Inventory:

Hand Weapons
 a - a +0 dagger (weapon)
Missiles
 c - 35 stones
Armour
 b - a +0 robe (melded)
 e - a +0 cloak (melded)
Scrolls
 d - a scroll of teleportation {@r2}
 g - a scroll of silence {unknown}
 h - a scroll of fog {unknown}

Dungeon Overview and Level Annotations

Branches:
Dungeon (2/15)

Altars:
Trog

Annotations:
D:2 Sigmund

,
........#.######*
* *
.................
, ,
...###.#.#######
** * * * #.#.# *
#.#.# #.#.# #.#.#
, #.#.# #†#♣#
#.#.# * #.#{# *
#.#.# , , #.#.# ,
#.#.###### , ,,,
#.......@# , ,
###.###.## , ..#


There were no monsters in sight!


Message History

A puff of flame appears from out of thin air!
The puff of flame hits you!
* * * LOW HITPOINT WARNING * * *
Something hits you. Something freezes you.
Casting: Sandblast (safe; 2% risk of failure)
Confirm with . or Enter, or press ? or * to list all spells.
You can't see any susceptible monsters within range! (Use Z to cast anyway.)
Casting: Sandblast (safe; 2% risk of failure)
Confirm with . or Enter, or press ? or * to list all spells.
You don't know that spell.
Casting: Sandblast (safe; 2% risk of failure)
Confirm with . or Enter, or press ? or * to list all spells.
Aiming: Sandblast (safe; 2% risk of failure)
Press: ? - help, Shift-Dir - straight line A magic dart appears from out of thin air!
The magic dart hits you but does no damage.
As you read the scroll labelled BYGIBE QAQY, it crumbles to dust.
It is a scroll of identify.
d - a scroll of teleportation Something hits you.
Something freezes you.
Use which ability? (? or * to list)
You fail to use your ability.
Use which ability? (? or * to list)
You fail to use your ability.
A magic dart appears from out of thin air!
The magic dart hits you but does no damage.
Use which ability? (? or * to list)
Your magical essence is drained by the effort!
You feel much better. Something hits you! Something freezes you.
Are you sure you want to abandon this character and quit the game? (Confirm with "yes".)

Skill      XL: |  1  2 |
---------------+-------+-----
Earth Magic    | 5 |  5.3
Dodging        | |  2.1
Stealth        | |  2.4
Spellcasting   | |  1.7
Transmutations | |  0.8

Action                   || total
-------------------------++-------
Melee: Dagger            ||    14
 Cast: Sandblast         ||    30
       Passwall          ||     1
 Abil: Heal Wounds       ||     1
  Use: Scroll            ||     1
       Potion            ||     1
Armor: Robe              ||     4
       Skin              ||     3
Dodge: Dodged            ||    17

Levels and vault maps discovered:
D:1:      dpeg_arrival_rhombi, layout_basic, chequers_serial_rivers_small_b,
          corexii_hall_statues_t
D:2:      layout_basic, basic_altar, grunt_decor_arrowhead, minmay_octomino_c4,
          uniq_natasha, uniq_jessica, uniq_sigmund, uniq_terence

Notes
Turn   | Place    | Note
-------+----------+-------------------------------------------
     0 | D:1      | Irenicus the Deep Dwarf Earth Elementalist began the quest
                  | for the Orb.
     0 | D:1      | Reached XP level 1. HP: 15/15 MP: 3/3
   487 | D:1      | Reached XP level 2. HP: 22/22 MP: 2/4
   555 | D:1      | Reached skill level 5 in Earth Magic
   572 | D:1      | Learned a level 2 spell: Passwall
   726 | D:2      | Found a bloodstained altar of Trog.
   748 | D:2      | Noticed Sigmund
   772 | D:2      | Quit the game

Vanquished Creatures
  A bat (D:2)
  4 endoplasms (D:1)
  5 hobgoblins (D:1)
  2 quokkas (D:1)
  2 frilled lizards (D:1)
  A goblin (D:1)
  4 rats (D:1)
19 creatures vanquished.

Table legend: (Time is in decaauts)
 A = Elapsed time spent in this place.
 B = Non-inter-level travel time spent in this place.
 C = Inter-level travel time spent in this place.
 D = Time resting spent in this place.
 E = Time spent auto-exploring this place.
 F = Levels seen in this place.
 G = Mean time per level.
                   A        B        C        D        E       F      G
               +--------+--------+--------+--------+--------+-----+--------+
         Total |    771 |    771 |      0 |      0 |      0 |   2 |  385.5 |
       Dungeon |    771 |    771 |      0 |      0 |      0 |   2 |  385.5 |
               +--------+--------+--------+--------+--------+-----+--------+

Top non-repeatable levels by time:
     D:1: 710 daAuts
     D:2: 60 daAuts

Table legend:
 A = Non-vault XP
 B = Vault XP
 C = Vault XP percentage of total XP
 D = Non-vault monster count
 E = Vault monster count
 F = Vault count percentage of total count
                 A         B        C        D         E       F
            +---------+---------+-------+---------+---------+-------
      Total |      31 |       0 |   0.0 |      19 |       0 |   0.0
            +---------+---------+-------+---------+---------+-------
        D:1 |      29 |       0 |   0.0 |      18 |       0 |   0.0
        D:2 |       2 |       0 |   0.0 |       1 |       0 |   0.0
            +---------+---------+-------+---------+---------+-------
